 Dungeon Crawl Stone Soup version 0.28-a0-1415-g7c84da036a (webtiles) character file.

Game seed: 2212050198867119860

163 Shayle the Ruffian (level 5, -6/50 HPs)
             Began as an Ogre Warper on Jan 7, 2022.
             Killed by nerve-wracking pain
             ... invoked by Grinder
              (8 damage)
             ... on level 4 of the Dungeon.
             The game lasted 00:09:57 (4106 turns).

Shayle the Ruffian (Ogre Warper)                    Turns: 4106, Time: 00:09:58

Health: -6/50      AC:  3    Str: 15    XL:     5   Next: 44%
Magic:  8/8        EV: 10    Int: 14    God:
Gold:   146        SH:  0    Dex: 10    Spells: 7/8 levels left

rFire   . . .      SeeInvis +   b - +0 mace (holy)
rCold   . . .      Faith    .   (no shield)
rNeg    . . .      Spirit   .   a - +0 robe
rPois   .          Reflect  .   (helmet restricted)
rElec   .          Harm     .   (no cloak)
rCorr   .          Rampage  .   (gloves unavailable)
Will    .....                   (boots unavailable)
Stlth   +.........              (no amulet)
HPRegen 0.16/turn               f - ring of see invisible
MPRegen 0.11/turn               (no ring)

@: no status effects
A: large, unfitting armour, tough skin 1
a: no special abilities


You were on level 4 of the Dungeon.
You visited 1 branch of the dungeon, and saw 5 of its levels.

You collected 146 gold pieces.

Inventory:

Hand Weapons
 b - a +0 mace of holy wrath (weapon)
Missiles
 j - a large rock (quivered)
Armour
 a - a +0 robe (worn)
Jewellery
 f - a ring of see invisible (left hand)


   Skills:
 - Level 2.6 Fighting
 - Level 1.0 Throwing
 - Level 2.1 Dodging
 + Level 4.4 Unarmed Combat
 - Level 2.4 Spellcasting
 - Level 2.6 Translocations
 + Level 1.1 Air Magic
 + Level 1.8 Invocations


You had 7 spell levels left.
You knew the following spells:

 Your Spells              Type           Power      Damage    Failure   Level
a - Shock                 Conj/Air       12%        1d3       19%         1

Your spell library contained the following spells:

 Spells                   Type           Power      Damage    Failure   Level
 Blink                    Tloc           18%        N/A       12%         2
 Gell's Gravitas          Tloc           9%         N/A       22%         3
 Lesser Beckoning         Tloc           9%         N/A       22%         3
 Teleport Other           Tloc           9%         N/A       22%         3
 Corpse Rot               Necr/Air       6%         N/A       28%         2
 Poisonous Vapours        Pois/Air       6%         N/A       28%         2
 Swiftness                Air            4%         N/A       41%         3
 Airstrike                Air            2%         N/A       82%         4
 Manifold Assault         Tloc           9%         N/A       91%         5


Dungeon Overview and Level Annotations

Branches:
Dungeon (5/15)             Temple (0/1) D:5

Altars:

Shops:
D:3 (:

Portals:
Ossuary: D:5

Annotations:
D:4 Grinder
D:5 Ijyb


Innate Abilities, Weirdness & Mutations

You are too large for most types of armour.
You have tough skin. (AC +1)


Message History

You start resting.
Your transformation is almost over.
You start resting.
You feel less wooden.
Your +0 robe unmelds from your body.
You start resting.
HP restored.
A moth of wrath comes into view.
The moth of wrath's fur bristles in rage as it notices you.
Grinder comes into view.
Grinder gestures at you. Pain shoots through your body!
Grinder says, "At least Makhleb appreciates what I'm doing."
Grinder grins, showing sharp teeth.
Grinder blinks!
A hound comes into view.
Grinder gestures at you.
You suddenly lose the ability to move!
Grinder hits you.
You writhe in agony.
Grinder hits you.
You writhe in agony.
Grinder hits you.
You writhe in agony.
Grinder hits you!
You writhe in agony.
* * * LOW HITPOINT WARNING * * *
The hound barks!
Grinder hits you!
* * * LOW HITPOINT WARNING * * *
You writhe in agony.
* * * LOW HITPOINT WARNING * * *
You can move again.
Unknown command.
You aren't carrying any scrolls.
You aren't carrying any potions.
Throw: 2 large rocks
Press: ? - help, Q - select action, (/) - cycle Shift-Dir - straight line, f - Grinder
Aim: Grinder (52% to hit)
You throw a large rock. The large rock hits Grinder.
Grinder is lightly wounded.
Grinder gestures at you. Pain shoots through your body!
You die...

##.........###.5# ##.#
#..# #.## #... ##..###
#..# ####.....#
#...########....####..#
####...#..........## ##
................5.#
..........>.....@.#
............##....#
........#####....###
.........####.h....###
...........##........####
.......#................##
.......##................#
....... ##..######......##
....... #...# ########


You could see Grinder and a hound.

Vanquished Creatures
  A scorpion (D:4)
  4 adders
  2 worms
  4 dart slugs
  An orc (D:3)
  9 endoplasms
  2 giant cockroaches (D:1)
  5 goblins
  4 hobgoblins
  3 jackals (D:1)
  A quokka (D:3)
  4 ball pythons
  5 bats
  2 frilled lizards
  3 kobolds
  7 rats
57 creatures vanquished.

Notes
Turn   | Place    | Note
-------+----------+-------------------------------------------
     0 | D:1      | Shayle the Ogre Warper began the quest for the Orb.
     0 | D:1      | Reached XP level 1. HP: 22/22 MP: 3/3
   158 | D:1      | Reached skill level 2 in Unarmed Combat
   265 | D:1      | Reached XP level 2. HP: 17/29 MP: 5/5
   840 | D:1      | Reached skill level 3 in Unarmed Combat
  1287 | D:1      | Reached XP level 3. HP: 31/36 MP: 6/6
  2192 | D:2      | Reached XP level 4. HP: 27/44 MP: 7/7
  2363 | D:2      | Reached skill level 4 in Unarmed Combat
  2463 | D:2      | Found a faded altar of an unknown god.
  2688 | D:3      | Found Gedaotez's Antique Weapon Boutique.
  2890 | D:3      | Reached skill level 1 in Invocations
  2904 | D:3      | Learned a level 1 spell: Shock
  3440 | D:3      | Found Qaoreev's Book Shop.
  3442 | D:3      | You fall into a shaft and drop 2 floors!
  3442 | D:5      | Entered Level 5 of the Dungeon
  3442 | D:5      | Noticed a scorpion
  3445 | D:5      | Noticed a sky beast
  3448 | D:5      | Found a sand-covered staircase.
  3450 | D:5      | Found a staircase to the Ecumenical Temple.
  3451 | D:5      | Noticed an ogre
  3452 | D:5      | Noticed Ijyb
  3738 | D:5      | Noticed a scorpion
  3771 | D:4      | Killed a scorpion
  3772 | D:4      | Reached skill level 1 in Air Magic
  3772 | D:4      | Reached XP level 5. HP: 14/50 MP: 8/8
  4074 | D:4      | Noticed a moth of wrath
  4075 | D:4      | Noticed Grinder
  4099 | D:4      | Paralysed by Grinder for 7 turns
  4105 | D:4      | HP: 1/50 [Grinder (5)]
  4106 | D:4      | Killed from afar by Grinder

Illustrated notes

Levels and vault maps discovered:
D:1:      dpeg_arrival_signposts, layout_loops_ring, hangedman_decor_points,
          minmay_liquid_box
D:2:      layout_rooms, shapermc_ecumenical_altar_totnotflames,
          minmay_statues_item
D:3:      layout_basic, grunt_temple_overflow_opulence, serial_shops,
          nicolae_shop_advertising_works [nicolae_subvault_shop_adworks],
          nicolae_shop_window_shopping, roderic_roman_lattice, uniq_sigmund
D:4:      layout_layer_cave, tgw_trog, serial_shops, nicolae_shop_crystal,
          kennysheep_generic_room_12, uniq_grinder
D:5:      layout_basic, bloody_makhleb, minmay_temple_entry_crystal_x,
          nicolae_ossuary_entry_ruins, uniq_ijyb

Skill      XL: |  1  2  3  4 |
---------------+-------------+-----
Unarmed Combat | 2 3 4 |  4.4
Invocations    | 1 |  1.8
Air Magic      | 1 |  1.1
Fighting       | |  2.6
Throwing       | |  1.0
Dodging        | |  2.1
Spellcasting   | |  2.4
Translocations | |  2.6

Action                   |  1- 3 |  4- 6 || total
-------------------------+-------+-------++-------
Melee: Unarmed           |   140 |       ||   140
       Punch             |     2 |     3 ||     5
       Mace              |    25 |    74 ||    99
Throw: Boomerang         |     3 |     2 ||     5
       Large rock        |       |    11 ||    11
 Cast: Shock             |       |     4 ||     4
  Use: Potion            |     1 |     4 ||     5
       Scroll            |     1 |     2 ||     3
 Stab: Sleeping          |     1 |     1 ||     2
Armor: Robe              |    46 |    32 ||    78
       Skin              |       |    12 ||    12
Dodge: Dodged            |    83 |    78 ||   161

Table legend: (Time is in decaauts)
 A = Elapsed time spent in this place.
 B = Non-inter-level travel time spent in this place.
 C = Inter-level travel time spent in this place.
 D = Time resting spent in this place.
 E = Time spent auto-exploring this place.
 F = Levels seen in this place.
 G = Mean time per level.
                   A        B        C        D        E       F      G
               +--------+--------+--------+--------+--------+-----+--------+
         Total |   4155 |   4112 |     43 |   1629 |   1658 |   5 |  831.0 |
       Dungeon |   4155 |   4112 |     43 |   1629 |   1658 |   5 |  831.0 |
               +--------+--------+--------+--------+--------+-----+--------+

Top non-repeatable levels by time:
     D:1: 1829 daAuts
     D:2: 983 daAuts
     D:3: 673 daAuts
     D:4: 348 daAuts
     D:5: 320 daAuts
